 Dungeon Crawl Stone Soup version 0.29.1-15-g9cfb28693d (webtiles) character file.

Game seed: 5592804250111693070

4513 Eitelfritz the Cleaver (level 10, -2/86 HPs)
             Began as a Hill Orc Fighter on Apr 1, 2023.
             Was a Priest of Zin.
             Hit by a javelin thrown by a centaur (12 damage)
             ... in a bailey.
             The game lasted 00:17:34 (8188 turns).

Eitelfritz the Cleaver (Hill Orc Fighter)           Turns: 8188, Time: 00:17:36

Health: -2/86      AC: 20    Str: 30    XL:     10   Next: 39%
Magic:  15/15      EV:  8    Int:  8    God:    Zin [***...]
Gold:   305        SH:  7    Dex: 10    Spells: 9/9 levels left

rFire   . . .      SeeInvis .   a - +3 war axe
rCold   . . .      Faith    .   h - +2 buckler
rNeg    + . .      Spirit   .   z - +0 plate armour {rN+}
rPois   +          Reflect  .   t - +0 helmet
rElec   .          Harm     .   u - +0 cloak
rCorr   .          Rampage  .   m - +2 pair of gloves
Will    .....                   d - +0 pair of boots
Stlth   ..........              (no amulet)
HPRegen 0.24/turn               v - ring of poison resistance
MPRegen 0.14/turn               b - +6 ring of strength

@: on recite cooldown
A: no striking features
a: Renounce Religion, Recite, Vitalisation, Imprison, Donate Gold


You were in a bailey.
You worshipped Zin.
Zin was most pleased with you.
You visited 2 branches of the dungeon, and saw 8 of its levels.
You also visited: Sewer and Bailey.

You collected 436 gold pieces.
You spent 98 gold pieces at shops.
You donated 33 gold pieces to Zin.

Inventory:

Hand Weapons
 a - a +3 war axe (weapon)
 k - a +0 morningstar
Missiles
 f - 14 javelins
 o - 5 silver boomerangs
 y - 20 poisoned darts (quivered)
Armour
 d - a +0 pair of boots (worn)
 h - a +2 buckler (worn)
 m - a +2 pair of gloves (worn)
 t - a +0 helmet (worn)
 u - a +0 cloak (worn)
 z - a +0 plate armour of positive energy (worn)
Jewellery
 b - a +6 ring of strength (right hand)
 v - a ring of poison resistance (left hand)
Scrolls
 e - 4 scrolls of teleportation
 j - 6 scrolls of identify
 l - a scroll of magic mapping
 n - a scroll of fear
 q - a scroll of vulnerability
 s - 2 scrolls of fog
Potions
 c - 3 potions of flight
 g - a potion of ambrosia
 i - 3 potions of curing
 p - 3 potions of haste
 r - a potion of brilliance


   Skills:
 + Level 7.2 Fighting
 + Level 11.9 Axes
 + Level 7.8 Armour
 + Level 1.4 Dodging
 + Level 2.1 Stealth
 + Level 6.6 Shields
 * Level 7.3 Invocations


You had 9 spell levels left.
You didn't know any spells.
Your spell library contained the following spells:

 Spells                   Type           Power      Damage    Failure   Level
 Ensorcelled Hibernation  Hex/Ice        0%         N/A       100%        2
 Dazzling Flash           Conj/Hex       0%         N/A       100%        3
 Gell's Gravitas          Tloc           0%         N/A       100%        3
 Spider Form              Tmut/Pois      0%         N/A       100%        3
 Teleport Other           Tloc           0%         N/A       100%        3
 Anguish                  Hex/Necr       0%         N/A       100%        4
 Agony                    Necr           0%         N/A       100%        5
 Silence                  Hex/Air        0%         N/A       100%        5
 Dispersal                Tloc           0%         N/A       100%        6


Dungeon Overview and Level Annotations

Branches:
Dungeon (7/15)             Temple (1/1) D:6           Sewer (visited)
 Bailey (1/1)

Altars:
Ashenzari
Dithmenos
Elyvilon
Fedhas
Gozag
Hepliaklqana
Kikubaaqudgha
Makhleb
Nemelex Xobeh
Okawaru
Qazlal
Ru
Sif Muna
Trog
Wu Jian
Yredelemnul
Zin

Shops:
D:3 =![


Message History

Okay, then.
The centaur closely misses you.
The centaur hits you but does no damage.
The centaur throws a javelin.
The javelin barely misses you.
The centaur throws a javelin.
The javelin barely misses you. You block the centaur's attack.
The centaur kicks you but does no damage.
The centaur throws a javelin.
The javelin pierces through you! The centaur barely misses you.
The centaur kicks you but does no damage.
The centaur throws a javelin.
The javelin pierces through you but does no damage.
You hit the centaur.
The centaur is severely wounded.
The centaur hits you but does no damage.
The centaur kicks you but does no damage.
The centaur throws a javelin.
The javelin pierces through you!
You barely miss the centaur.
The centaur is severely wounded.
You block the centaur's attack.
The centaur kicks you but does no damage.
The centaur throws a javelin.
The javelin closely misses you. The centaur hits you with a +0 spear.
You block the centaur's attack.
The centaur throws a javelin.
The javelin pierces through you. The centaur attacks as you move away!
You block the centaur's attack.
The centaur kicks you but does no damage.
You block the centaur's attack.
The centaur throws a javelin.
The javelin pierces through you!
The centaur throws a javelin.
The javelin pierces through you.
The centaur throws a javelin.
The javelin pierces through you!
The centaur throws a javelin.
The javelin pierces through you but does no damage.
The centaur throws a javelin.
The javelin pierces through you.
* * * LOW HITPOINT WARNING * * *
The centaur throws a javelin.
The javelin pierces through you.
* * * LOW HITPOINT WARNING * * *
The centaur throws a javelin.
The javelin pierces through you!
* * * LOW HITPOINT WARNING * * *
The centaur throws a javelin.
The javelin pierces through you!
You die...

##≈≈≈≈≈≈≈≈#...#≈≈≈≈≈≈≈≈#
#≈≈≈≈≈≈≈≈.#...#.≈≈≈≈≈≈≈≈
#≈≈≈≈≈≈≈..≈#...#≈..≈≈≈≈≈≈
#≈≈≈≈≈..≈≈≈.....≈≈≈..≈≈≈≈
#≈≈≈≈.≈≈≈.........≈≈≈.≈≈≈
#≈≈≈≈.≈.....≈≈≈.....≈.≈≈≈
#≈≈≈.≈≈.⌠..≈≈≈≈≈..⌠.≈≈.≈≈
#≈≈≈.≈.....≈≈≈≈≈.....≈.≈≈
#≈≈.≈≈..@.≈≈~~~≈≈....≈≈.≈
#≈≈.≈.....≈o≈~≈~≈.....≈.≈
#≈≈.≈..oco≈~≈?≈~≈.....≈.≈
#≈≈.≈.....≈~≈[≈~≈.....≈.≈
#≈≈.≈.....≈c≈:≈~≈.....≈.≈
#≈≈.≈.....≈~≈≈≈~≈.....≈.≈
#≈≈.≈≈....≈≈~≈c≈≈....≈≈.≈
#≈≈≈.≈.....≈~≈~≈o....≈.≈≈
#≈≈≈.≈≈.⌠..≈≈~≈≈..⌠.≈≈.≈≈


You could see an orc warrior, 3 centaurs and 2 orcs.

Vanquished Creatures
  A hornet (D:7)
  Prince Ribbit (D:7)
  Sigmund (D:2)
  A wyvern (D:5)
  Eustachio (D:6)
  Menkaure (D:5)
  Duvessa (D:6)
  2 water moccasins
  A sky beast (D:7)
  12 orc warriors
  A black bear (D:6)
  An ogre (D:5)
  6 centaurs
  3 bullfrogs
  A kobold brigand (Sewer)
  2 necrophages
  2 scorpions
  Dowan (D:6)
  4 killer bees (D:7)
  2 orc priests (D:3)
  A gnoll bouda (D:5)
  2 jellies
  4 iguanas
  Terence (D:2)
  2 orc wizards
  Natasha (D:2)
  4 gnolls (D:4)
  4 adders
  2 river rats (Sewer)
  A white imp (D:6)
  2 ufetubi
  5 worms
  3 dart slugs
  29 orcs
  6 endoplasms
  2 giant cockroaches
  5 goblins
  6 hobgoblins
  3 jackals
  9 quokkas
  14 ball pythons
  10 bats
  10 kobolds
  7 rats
178 creatures vanquished.

Vanquished Creatures (others)
  A centaur (Bailey)
  An orc (Bailey)
  3 plants (D:4)
5 creatures vanquished.

Grand Total: 183 creatures vanquished

Notes
Turn   | Place    | Note
-------+----------+-------------------------------------------
     0 | D:1      | Eitelfritz the Hill Orc Fighter began the quest for the
                  | Orb.
     0 | D:1      | Reached XP level 1. HP: 19/19 MP: 1/1
   167 | D:1      | Found a faded altar of an unknown god.
   234 | D:1      | Reached XP level 2. HP: 23/27 MP: 2/2
   438 | D:1      | Reached skill level 3 in Axes
   627 | D:1      | Reached XP level 3. HP: 33/33 MP: 3/3
  1106 | D:2      | Noticed Terence
  1114 | D:2      | Killed Terence
  1115 | D:2      | Reached XP level 4. HP: 24/40 MP: 4/4
  1128 | D:2      | Reached skill level 4 in Axes
  1487 | D:2      | Noticed Sigmund
  1495 | D:2      | Killed Sigmund
  1496 | D:2      | Reached skill level 5 in Axes
  1496 | D:2      | Reached XP level 5. HP: 21/47 MP: 5/5
  1496 | D:2      | Reached XP level 6. HP: 24/53 MP: 6/6
  1770 | D:2      | Noticed Natasha
  1774 | D:2      | Killed Natasha
  1775 | D:2      | Reached skill level 6 in Axes
  2171 | D:3      | Found Sajoxez's Jewellery Shoppe.
  2205 | D:3      | Noticed a water moccasin
  2411 | D:3      | Killed a water moccasin
  2412 | D:3      | Reached skill level 1 in Dodging
  2453 | D:3      | Reached XP level 7. HP: 51/60 MP: 7/7
  2524 | D:3      | Reached skill level 5 in Armour
  2727 | D:3      | Found Zeuc's Armour Emporium.
  2728 | D:3      | Found a burning altar of Makhleb.
  2744 | D:3      | Bought a +0 helmet for 49 gold pieces
  2744 | D:3      | Bought a +0 cloak for 49 gold pieces
  2785 | D:3      | Found a shimmering blue altar of Sif Muna.
  2825 | D:3      | Found Cosie's Distillery.
  2982 | D:3      | Found a sparkling altar of Nemelex Xobeh.
  3287 | D:4      | Reached skill level 7 in Axes
  3957 | D:4      | Reached skill level 5 in Fighting
  4249 | D:5      | Entered Level 5 of the Dungeon
  4279 | D:5      | Noticed Menkaure
  4288 | D:5      | Killed Menkaure
  4320 | D:5      | Found a glowing drain.
  4324 | Sewer    | Entered a sewer
  4435 | Sewer    | Reached skill level 8 in Axes
  4435 | Sewer    | Reached XP level 8. HP: 67/69 MP: 8/8
  4457 | Sewer    | Found a glowing silver altar of Zin.
  4523 | Sewer    | Became a worshipper of Zin the Law-Giver
  4523 | Sewer    | Reached * piety under Zin
  4815 | D:5      | Reached skill level 5 in Shields
  5296 | D:5      | Reached skill level 1 in Invocations
  5326 | D:5      | Noticed a wyvern
  5339 | D:5      | Killed a wyvern
  5344 | D:5      | Reached skill level 9 in Axes
  5552 | D:6      | Noticed Eustachio
  5558 | D:6      | Killed Eustachio
  5629 | D:6      | Reached XP level 9. HP: 73/75 MP: 11/11
  5681 | D:6      | Reached skill level 10 in Axes
  5901 | D:6      | Noticed Duvessa
  5901 | D:6      | Noticed Dowan
  5915 | D:6      | Killed Duvessa
  5920 | D:6      | Killed Dowan
  6072 | D:6      | Reached skill level 1 in Stealth
  6107 | D:6      | Found a blossoming altar of Fedhas.
  6147 | D:6      | Found a staircase to the Ecumenical Temple.
  6153 | Temple   | Entered the Ecumenical Temple
  6406 | D:6      | Found a white marble altar of Elyvilon.
  6686 | D:6      | Found a glowing silver altar of Zin.
  6811 | D:7      | Noticed a hornet
  6826 | D:7      | Killed a hornet
  6860 | D:7      | Reached ** piety under Zin
  6883 | D:7      | Noticed Prince Ribbit
  6894 | D:7      | Killed Prince Ribbit
  6895 | D:7      | Reached skill level 11 in Axes
  6910 | D:7      | Reached skill level 5 in Invocations
  6929 | D:7      | Found a flagged portal.
  6957 | Bailey   | Entered a bailey
  7278 | Bailey   | Reached XP level 10. HP: 81/84 MP: 14/14
  7325 | Bailey   | Reached *** piety under Zin
  7906 | Bailey   | Found the +3 pair of seven-league boots {Rampage+∞}
  8188 | Bailey   | Hit by a javelin thrown by a centaur

Illustrated notes

Levels and vault maps discovered:
D:1:      tarquinn_simple_flora_water_a, layout_loops_ring,
          ebering_ecumenical_altar_webs
D:2:      layout_rooms, uniq_natasha, uniq_terence, uniq_sigmund
D:3:      layout_basic, lemuel_round_altar, mainiacjoe_overflow_large_starburst,
          serial_shops, nicolae_shop_advertising_works
          [nicolae_subvault_shop_adworks], shop, shop, solitary_fountain,
          minmay_liquid_box
D:4:      minmay_chambers_of_twos, layout_loops_ring, skrybe_limestone_x,
          minmay_misc_feat_doors, minmay_misc_feat_room, serial_bayou_pond_e
D:5:      kennysheep_big_flooded_room, layout_loops_corners,
          gup_sewer_entry_bowl, uniq_menkaure
D:6:      lemuel_ice_spiral_2, layout_basic, zin_statuary,
          mainiacjoe_overflow_catwalk, elyvilon_altar_1,
          minmay_temple_entry_fiery, hex_intersection, uniq_eustachio,
          uniq_duvessa
D:7:      layout_loops_ring, tso_metal_star, enter_bailey_6, grunt_ministairs_3,
          st_stairs_1, chequers_serial_rivers_large_a, uniq_prince_ribbit1
Temple:   grunt_temple_mini_profane
Bailey:   bailey_polearm_flooded_kennysheep, bailey

Skill      XL: |  1  2  3  4  5  6  7  8  9 10 |
---------------+-------------------------------+-----
Axes           | 3 5 6 8 9 11 | 11.9
Fighting       | 4 5 6 7 |  7.2
Armour         | 4 5 6 7 |  7.8
Shields        | 4 5 6 |  6.6
Dodging        | 1 |  1.4
Invocations    | 3 5 7 |  7.3
Stealth        | 2 |  2.1

Action                   |  1- 3 |  4- 6 |  7- 9 | 10-12 || total
-------------------------+-------+-------+-------+-------++-------
Melee: War axe           |    92 |    71 |   312 |    50 ||   525
Invok: Recite            |       |       |     1 |    10 ||    11
  Use: Potion            |     1 |     1 |     3 |       ||     5
       Scroll            |       |     3 |    16 |       ||    19
 Stab: Invisible         |       |       |       |     2 ||     2
Armor: Scale mail        |    45 |    29 |    19 |       ||    93
       Plate armour      |       |       |   195 |    60 ||   255
Dodge: Dodged            |    39 |    34 |   129 |    40 ||   242
Block: Buckler           |    34 |    35 |   142 |    31 ||   242
